 Dungeon Crawl Stone Soup version 0.22-a0-157-g169b76a (webtiles) character file.

33 TabToWin the Charlatan (level 3, 0/27 HPs)
             Began as a Demonspawn Artificer on Feb 8, 2018.
             Slain by a kobold
             ... wielding a +0 whip
              (3 damage)
             ... on level 2 of the Dungeon.
             The game lasted 00:01:29 (810 turns).

TabToWin the Charlatan (Demonspawn Artificer)        Turns: 810, Time: 00:01:31

Health: 0/27       AC:  6    Str: 13    XL:     3   Next: 12%
Magic:  5/5        EV: 10    Int: 12    God:
Gold:   46         SH:  0    Dex: 13    Spells: 2/2 levels left

rFire    . . .     SeeInvis .   a - +0 short sword
rCold    + . .     Gourm    .   (no shield)
rNeg     . . .     Faith    .   g - +0 scale mail
rPois    .         Spirit   .   (no helmet)
rElec    .         Reflect  .   (no cloak)
rCorr    .         Harm     .   (no gloves)
MR       .....                  (no boots)
Stlth    ..........             (no amulet)
HPRegen  0.09/turn              (no ring)
MPRegen  0.09/turn              (no ring)

@: no status effects
A: cold resistance 1
a: no special abilities


You were on level 2 of the Dungeon.
You were not hungry.

You visited 1 branch of the dungeon, and saw 2 of its levels.

You collected 46 gold pieces.

Inventory:

Hand Weapons
 a - a +0 short sword (weapon)
 m - a +0 whip
Armour
 b - a +0 leather armour
 g - a +0 scale mail (worn)
 k - a +0 chain mail
Wands
 c - a wand of flame (15)
 d - a wand of enslavement (14)
 e - a wand of random effects (15)
Scrolls
 i - a scroll of amnesia {unknown}
 l - a scroll of identify {unknown}
 o - a scroll of remove curse {unknown}
Potions
 h - a potion of agility {unknown}
 j - a potion of curing {unknown}
 n - a potion of heal wounds {unknown}
Comestibles
 f - 2 rations


   Skills:
 + Level 1.7 Fighting
 - Level 0.8 Short Blades
 + Level 0.1 Armour
 + Level 2.9 Dodging
 - Level 0.8 Stealth
 - Level 3.0 Evocations


You had 2 spell levels left.
You didn't know any spells.

Dungeon Overview and Level Annotations

Branches:
Dungeon (2/15)

Altars:


Innate Abilities, Weirdness & Mutations

Your flesh is cold resistant. (rC+)


Message History

The giant cockroach bites you.
* * * LOW HITPOINT WARNING * * *
Your kobold closely misses the giant cockroach.
You hit the giant cockroach but do no damage.
The giant cockroach is severely wounded.
The giant cockroach bites you.
* * * LOW HITPOINT WARNING * * *
Your kobold barely misses the giant cockroach.
You hit the giant cockroach.
The giant cockroach is almost dead.
The giant cockroach bites you.
* * * LOW HITPOINT WARNING * * *
Your kobold hits the giant cockroach with a whip.
The giant cockroach dies!
Found a ration.
Really attack your kobold?
You closely miss your kobold.
The kobold is no longer charmed.
The kobold closely misses you.
You barely miss the kobold. The kobold hits you with a whip.
You die...

.%##.. ##..... .#
.......#######.##
.............>!..
.........(.....# ..
...............##..
...................
.......@...........
.......K...........
.......)...........
.........†.......#
........)..<.....#
........†.....####
.....##########
....# .###


You could see a kobold.

Vanquished Creatures
  An ooze (D:1)
  A dart slug (D:1)
  A leopard gecko (D:2)
  2 ball pythons
  A giant cockroach (D:1)
  2 goblins
  5 hobgoblins
  A quokka (D:2)
  2 bats (D:1)
  A frilled lizard (D:1)
  3 kobolds (D:1)
  5 rats (D:1)
25 creatures vanquished.

Vanquished Creatures (collateral kills)
  A giant cockroach (D:2)
1 creature vanquished.

Grand Total: 26 creatures vanquished

Notes
Turn   | Place    | Note
-------+----------+-------------------------------------------
     0 | D:1      | TabToWin the Demonspawn Artificer began the quest for the Orb.
     0 | D:1      | Reached XP level 1. HP: 15/15 MP: 3/3
    44 | D:1      | Gained mutation: Your flesh is cold resistant. (rC+) [demonic ancestry]
    44 | D:1      | Reached XP level 2. HP: 21/21 MP: 4/4
   778 | D:2      | Reached XP level 3. HP: 9/27 MP: 5/5
   810 | D:2      | Slain by a kobold

Vault maps used:
D:1:      lightli_arrival_flooded_house, kennysheep_decorative_pillar,
          minmay_three_crescents
D:2:      elyvilon_altar_5

Skill      XL: |  1 |
---------------+----+-----
Dodging        | 2 |  2.9
Fighting       | |  1.7
Short Blades   | |  0.8
Armour         | |  0.1
Stealth        | |  0.8
Evocations     | |  3.0

Action                   || total
-------------------------++-------
Melee: Short sword       ||    99
Evoke: Wand              ||     1
Armor: Leather armour    ||     1
       Scale mail        ||    58
Dodge: Dodged            ||    74

Table legend:
 A = Spawn XP
 B = Non-spawn XP
 C = Spawn XP percentage of total XP
 D = Spawn monster count
 E = Non-spawn monster count
 F = Spawn count percentage of total count
 G = Total turns spent on level
                    A         B        C        D         E        F      G
               +---------+---------+-------+---------+---------+-------+---------
         Total |       0 |      48 |   0.0 |       0 |      26 |   0.0 |   810
               +---------+---------+-------+---------+---------+-------+---------
           D:1 |       0 |      37 |   0.0 |       0 |      20 |   0.0 |   760
           D:2 |       0 |      11 |   0.0 |       0 |       6 |   0.0 |    50
               +---------+---------+-------+---------+---------+-------+---------
